[Event "Titled Tuesday Blitz August 08 Late 2023"]
[White "Gurevich, Dmitry"]
[Black "Tahbaz, Arash"]
[WhiteFideId "2000407"]
[BlackFideId "12528846"]
[WhiteElo "2461"]
[BlackElo "2892"]
[Result "1-0"]
[Round "4"]
[TimeControl "180+1"]
[Date "2023.08.08"]
[WhiteClock "0:00:07"]
[BlackClock "0:00:19"]
[Board "18"]

1. d4 g6 2. c4 Bg7 3. e4 d6 4. Nc3 e5 5. d5 a5 6. h4 h5 7. Nf3 Na6 8. Bd3 Bg4 9. Be2 Nc5 10. Be3 b6 11. Ng1 Bd7 12. Nh3 Bh6 13. Bxh6 Nxh6 14. g3 O-O 15. Qd2 Kg7 16. b3 Bxh3 17. Rxh3 f5 18. f3 f4 19. O-O-O fxg3 20. Rxg3 Qxh4 21. Rdg1 Rf6 22. Nb5 Rc8 23. Na7 Rcf8 24. Nc6 Qf4 25. Ne7 Qxd2+ 26. Kxd2 Kh7 27. Nxg6 Rg8 28. Ne7 Rxg3 29. Rxg3 Rf7 30. Nc6 Rg7 31. Rxg7+ Kxg7 32. Ke1 Kf6 33. Kf2 Kg5 34. Kg3 Nf7 35. Ne7 Nh8 36. Bd1 Nd7 37. a3 Nf8 38. b4 axb4 39. axb4 Nhg6 40. Nf5 h4+ 41. Kh3 Nf4+ 42. Kh2 Nd3 43. b5 Ng6 44. Ng7 Kf6 45. Ne8+ Ke7 46. Nxc7 Nb2 47. Na8 Nxd1 48. Nxb6 Nf4 49. Na4 Kd7 50. c5 dxc5 51. Nxc5+ Kc7 52. Ne6+ Nxe6 53. dxe6 Nc3 54. b6+ Kd6 55. b7 Kc7 56. e7 Kxb7 57. e8=Q Kb6 58. Qxe5 Nb5 59. Qf4 Nd4 60. Qxh4 Nxf3+ 61. Kg3 Nxh4 62. Kxh4 Kc5 63. Kg5 Kd6 64. Kf6 Kd7 65. e5 Ke8 66. Ke6 Kd8 67. Kf7 Kd7 68. e6+ Kd6 69. e7 Ke5 70. e8=Q+ Kd6 71. Qe6+ Kc5 72. Qe4 Kb6 73. Qd5 Kc7 74. Qe6 Kb8 75. Qd7 Ka8 76. Ke6 Kb8 77. Kd5 Ka8 78. Kc6 Kb8 79. Qb7# 1-0


[Site "https://www.chess.com"]

[Event "Titled Tuesday Blitz August 08 Late 2023"]
[White "Firouzja, Alireza"]
[Black "Jaracz, Pawel"]
[WhiteFideId "12573981"]
[BlackFideId "1102222"]
[WhiteElo "3080"]
[BlackElo "2767"]
[Result "1-0"]
[Round "4"]
[TimeControl "180+1"]
[Date "2023.08.08"]
[WhiteClock "0:00:21"]
[BlackClock "0:00:18"]
[Board "19"]

1. e4 c5 2. Nf3 e6 3. d4 cxd4 4. Nxd4 a6 5. Bd3 Nf6 6. O-O Qc7 7. f4 d6 8. c4 Nbd7 9. Nc3 Be7 10. Be3 O-O 11. Rc1 Re8 12. g4 g6 13. g5 Nh5 14. Be2 Ng7 15. f5 exf5 16. exf5 Bf8 17. Nd5 Qd8 18. Qd2 gxf5 19. Bd3 Re5 20. Nxf5 Nxf5 21. Bxf5 Bg7 22. Bd4 Rxf5 23. Rxf5 Ne5 24. Rf2 Be6 25. b3 b5 26. Nf6+ Kh8 27. Bxe5 dxe5 28. Qxd8+ Rxd8 29. c5 Bf8 30. Re2 h6 31. h4 Rd4 32. c6 Ba3 33. Rcc2 Bf5 34. c7 Bc8 35. Rxe5 hxg5 36. Re8+ 1-0


[Site "https://www.chess.com"]

[Event "Titled Tuesday Blitz August 08 Late 2023"]
[White "Kramnik, Vladimir"]
[Black "Mahdavi, Reza"]
[WhiteFideId "4101588"]
[BlackFideId "12595926"]
[WhiteElo "2976"]
[BlackElo "2761"]
[Result "1/2-1/2"]
[Round "4"]
[TimeControl "180+1"]
[Date "2023.08.08"]
[WhiteClock "0:00:07"]
[BlackClock "0:00:44"]
[Board "20"]

1. e4 c5 2. Nf3 d6 3. d4 cxd4 4. Nxd4 Nf6 5. Nc3 a6 6. a4 e5 7. Nf3 Be7 8. Bg5 Be6 9. Bxf6 Bxf6 10. Nd5 Nd7 11. Bc4 O-O 12. O-O Rc8 13. b3 h6 14. Re1 g6 15. Nxf6+ Nxf6 16. Bxe6 fxe6 17. c4 Qe7 18. Ra2 Rc6 19. Rd2 a5 20. g3 b6 21. Kg2 Rf7 22. h4 Kh7 23. Nh2 Nd7 24. h5 g5 25. Ng4 Nc5 26. Re3 Qf8 27. Kg1 Kg7 28. Kg2 Kh7 29. Re1 Kg7 30. f3 Kh7 31. Nf2 Qe7 32. Nd3 Nb7 33. Nc1 Rc8 34. g4 Rcf8 35. Re3 Qc7 36. Na2 Qc5 37. Qe2 Rd7 38. Nc3 Rfd8 39. Nb5 Qc6 40. Qd1 Qc5 41. Re1 Qb4 42. Qc2 Nc5 43. Re3 Nb7 44. Qc3 Qxc3 45. Rxc3 Kg7 46. Rcd3 Kf6 47. Kf2 Ke7 48. Ke3 Rc8 49. Ke2 Rcd8 50. Rc3 Nc5 51. Na3 Rc8 52. Nc2 Na6 53. Ne3 Rdc7 54. Rc1 Rc6 55. Rcd1 Nc5 56. Rb2 Na6 57. Rdd2 Rd8 58. Nd1 Rdc8 59. Ne3 Rd8 60. Rd1 Rdc8 61. Rdd2 1/2-1/2


[Site "https://www.chess.com"]

[Event "Titled Tuesday Blitz August 08 Late 2023"]
[White "Morefield, Jason"]
[Black "Elsa167"]
[WhiteFideId "30920825"]
[WhiteElo "2709"]
[BlackElo "2906"]
[Result "1-0"]
[Round "4"]
[TimeControl "180+1"]
[Date "2023.08.08"]
[WhiteClock "0:00:11"]
[BlackClock "0:00:00"]
[Board "21"]

1. e4 c5 2. Nf3 d6 3. d4 cxd4 4. Nxd4 Nf6 5. Nc3 Nc6 6. Bg5 e6 7. Qd2 a6 8. O-O-O Bd7 9. f3 Nxd4 10. Qxd4 Be7 11. h4 Qc7 12. Kb1 b5 13. Qd2 O-O 14. e5 b4 15. Bxf6 gxf6 16. Ne4 fxe5 17. Qh6 f6 18. Bd3 Rf7 19. Ng5 fxg5 20. hxg5 Rg7 21. Bxh7+ Kf8 22. Bg6 Be8 23. Bxe8 Rxe8 24. Qxe6 Rg8 25. Rh7 Bd8 26. Qf5+ 1-0


[Site "https://www.chess.com"]

[Event "Titled Tuesday Blitz August 08 Late 2023"]
[White "Grigoriants, Sergey"]
[Black "Weetik, Vjacheslav"]
[WhiteFideId "4130804"]
[BlackFideId "4153472"]
[WhiteElo "2898"]
[BlackElo "2670"]
[Result "1-0"]
[Round "4"]
[TimeControl "180+1"]
[Date "2023.08.08"]
[WhiteClock "0:00:02"]
[BlackClock "0:00:21"]
[Board "22"]

1. d4 Nf6 2. c4 g6 3. f3 Bg7 4. e4 d6 5. Nc3 O-O 6. Bg5 c5 7. d5 e6 8. Qd2 exd5 9. cxd5 h6 10. Be3 h5 11. Bd3 Nbd7 12. Nh3 Ne5 13. Nf2 Rb8 14. a4 a6 15. O-O Nxd3 16. Nxd3 b5 17. axb5 axb5 18. b4 Nd7 19. Bh6 Qf6 20. Bxg7 Qxg7 21. Ne2 c4 22. Nf2 Ne5 23. Nc3 f5 24. Ra5 Bd7 25. Ra7 f4 26. Rfa1 g5 27. R1a6 g4 28. fxg4 hxg4 29. Rxd6 g3 30. hxg3 fxg3 31. Nh3 Bxh3 32. Rxg7+ Kxg7 33. Qg5+ Ng6 34. Rxg6+ Kh8 35. Rh6# 1-0


[Site "https://www.chess.com"]

[Event "Titled Tuesday Blitz August 08 Late 2023"]
[White "MKlose11"]
[Black "Holt, Conrad"]
[BlackFideId "2034387"]
[WhiteElo "2670"]
[BlackElo "2885"]
[Result "0-1"]
[Round "4"]
[TimeControl "180+1"]
[Date "2023.08.08"]
[WhiteClock "0:00:06"]
[BlackClock "0:00:59"]
[Board "23"]

1. e4 e6 2. d4 d5 3. Nc3 Nf6 4. Bg5 dxe4 5. Nxe4 Be7 6. Bxf6 Bxf6 7. Nf3 Nd7 8. Bd3 c5 9. Nxf6+ Nxf6 10. dxc5 Qa5+ 11. c3 Qxc5 12. O-O O-O 13. Qe2 Bd7 14. Ne5 Ba4 15. Rac1 Rfd8 16. Rfe1 Rd6 17. b3 Be8 18. b4 Qc7 19. c4 Rad8 20. c5 Rd4 21. a3 Ba4 22. h3 h6 23. Rc4 R4d5 24. Rc3 a5 25. Bb1 Rxe5 26. Qxe5 Qxe5 27. Rxe5 Rd1+ 28. Kh2 Rxb1 29. bxa5 Nd5 30. Rc4 Bb5 31. Rd4 Rc1 32. f3 Rxc5 33. Rb4 Ba6 34. Rb2 Rxa5 35. Rb3 Ra4 36. Re1 g5 37. Rc1 Kg7 38. Rc8 h5 39. Ra8 g4 40. hxg4 hxg4 41. Rxb7 gxf3 42. gxf3 Rh4+ 43. Kg3 Bxb7 44. Ra7 Rd4 45. Rxb7 Ra4 46. Rb3 f5 47. Rd3 Kf6 48. Rb3 Ke5 49. Rd3 Kd6 50. Rb3 e5 51. Rd3 e4 52. fxe4 fxe4 53. Rb3 Ke5 54. Kf2 Kd4 55. Ke2 Ra8 56. Rh3 Nf4+ 0-1


[Site "https://www.chess.com"]

[Event "Titled Tuesday Blitz August 08 Late 2023"]
[White "Ozen, Deniz"]
[Black "Kleiman, Jake"]
[WhiteFideId "6349196"]
[BlackFideId "2020041"]
[WhiteElo "2843"]
[BlackElo "2637"]
[Result "1-0"]
[Round "4"]
[TimeControl "180+1"]
[Date "2023.08.08"]
[WhiteClock "0:01:58"]
[BlackClock "0:00:59"]
[Board "24"]

1. e4 e5 2. Nf3 Nc6 3. Nc3 Nf6 4. a3 Bc5 5. Nxe5 Nxe5 6. d4 Bd6 7. dxe5 Bxe5 8. Nb5 a6 9. f4 axb5 10. fxe5 Ng8 11. Qg4 Kf8 12. Qg3 b4 13. Bc4 f6 14. O-O d6 15. exf6 Nxf6 16. Bg5 Ra5 17. Rxf6+ gxf6 18. Bh6+ Ke8 19. Qg7 Qe7 20. Qxh8+ Kd7 21. Qg7 1-0


[Site "https://www.chess.com"]

[Event "Titled Tuesday Blitz August 08 Late 2023"]
[White "Gadimbayli, Abdulla"]
[Black "Bilan, Danila"]
[WhiteFideId "13404938"]
[BlackFideId "24161918"]
[WhiteElo "2835"]
[BlackElo "2582"]
[Result "1-0"]
[Round "4"]
[TimeControl "180+1"]
[Date "2023.08.08"]
[WhiteClock "0:00:41"]
[BlackClock "0:00:04"]
[Board "25"]

1. e4 c6 2. Nf3 d5 3. exd5 cxd5 4. Ne5 Nc6 5. d4 Nf6 6. c3 Bf5 7. Nd2 e6 8. Bb5 Qb6 9. Bxc6+ bxc6 10. g4 Be4 11. f3 Bg6 12. h4 h5 13. Nxg6 fxg6 14. Qe2 Kf7 15. g5 Ng8 16. f4 Bd6 17. Nf3 Ne7 18. Be3 Nf5 19. O-O Ng3 20. Qd3 Qb5 21. Qc2 Rab8 22. Rf2 Nf5 23. Re1 Rhe8 24. Bc1 c5 25. Be3 Rbc8 26. Kg2 Kg8 27. Rfe2 Kf7 28. dxc5 Bxc5 29. Bxc5 Qxc5 30. Kh3 Qc4 31. Ne5+ 1-0


[Site "https://www.chess.com"]

[Event "Titled Tuesday Blitz August 08 Late 2023"]
[White "Talibov, Shiroghlan"]
[Black "Pert, Richard G"]
[WhiteFideId "13429078"]
[BlackFideId "404748"]
[WhiteElo "2824"]
[BlackElo "2594"]
[Result "1-0"]
[Round "4"]
[TimeControl "180+1"]
[Date "2023.08.08"]
[WhiteClock "0:01:10"]
[BlackClock "0:00:59"]
[Board "26"]

1. c4 e5 2. g3 Nc6 3. Bg2 f5 4. d3 Nf6 5. Nc3 Bb4 6. Bg5 O-O 7. e3 Bxc3+ 8. bxc3 d6 9. Ne2 Qe8 10. Bxf6 Rxf6 11. O-O Kh8 12. Qd2 e4 13. d4 b6 14. f3 exf3 15. Bxf3 Bb7 16. Nf4 Na5 17. Bxb7 Nxb7 18. Nd5 Rf7 19. Qd3 c6 20. Nf4 Na5 21. Rae1 Qd7 22. d5 c5 23. Ne6 g6 24. e4 Qa4 25. exf5 Qxc4 26. Qd2 gxf5 27. Ng5 Rg7 28. Rxf5 Qg4 29. Ref1 Nc4 30. Rf8+ Rxf8 31. Rxf8+ Rg8 32. Nf7+ Kg7 33. Qh6# 1-0


[Site "https://www.chess.com"]

[Event "Titled Tuesday Blitz August 08 Late 2023"]
[White "Moral Garcia, Serafin"]
[Black "Guseinov, Gadir"]
[WhiteFideId "2201925"]
[BlackFideId "13401378"]
[WhiteElo "2571"]
[BlackElo "2798"]
[Result "0-1"]
[Round "4"]
[TimeControl "180+1"]
[Date "2023.08.08"]
[WhiteClock "0:00:00"]
[BlackClock "0:01:11"]
[Board "27"]

1. e4 c5 2. Nf3 g6 3. d4 cxd4 4. Qxd4 Nf6 5. Nc3 Nc6 6. Qa4 d6 7. e5 dxe5 8. Nxe5 Bd7 9. Nxd7 Qxd7 10. Be3 Bg7 11. Rd1 Qc8 12. Be2 O-O 13. O-O e6 14. Rfe1 Qc7 15. Nb5 Qe7 16. Nd6 Nd5 17. Bc5 Qg5 18. Nxb7 Rfc8 19. h4 Qf6 20. Nd6 Rc7 21. c3 h5 22. Rd3 Ne5 23. Ne8 Qd8 24. Rxd5 Qxe8 25. Bb5 Qc8 26. Ba6 Qe8 27. Bb5 Qc8 28. Ba6 Qb8 29. Rdxe5 Bxe5 30. Rxe5 Qxb2 31. Bd4 Qc1+ 32. Kh2 Rd8 33. g3 Qd2 34. Qa5 Rxd4 35. Qxc7 Qxf2+ 36. Kh3 Rd2 37. Re2 Qf1+ 38. Kh2 Rxe2+ 39. Bxe2 Qxe2+ 40. Kh3 Qxa2 41. Qd8+ Kh7 0-1


[Site "https://www.chess.com"]

[Event "Titled Tuesday Blitz August 08 Late 2023"]
[White "Papayan, Oleg"]
[Black "Kilic, Eray"]
[WhiteFideId "4193911"]
[BlackFideId "44517173"]
[WhiteElo "2530"]
[BlackElo "2775"]
[Result "1-0"]
[Round "4"]
[TimeControl "180+1"]
[Date "2023.08.08"]
[WhiteClock "0:00:16"]
[BlackClock "0:01:32"]
[Board "28"]

1. e4 e5 2. Nf3 d5 3. exd5 e4 4. Qe2 Nf6 5. d3 Bb4+ 6. c3 O-O 7. dxe4 Bc5 8. Bg5 Re8 9. Nbd2 h6 10. Bxf6 Qxf6 11. O-O-O Nd7 12. Nb3 Bb6 13. Qc2 Qf4+ 14. Qd2 Qd6 15. Bd3 a5 16. Rhe1 a4 17. Nbd4 a3 18. b3 Ba5 19. b4 Bb6 20. Nf5 Qf6 21. e5 Nxe5 22. Nxe5 Bxf5 23. Qf4 Bxf2 24. Qxf5 Bxe1 25. Qh7+ Kf8 26. Nd7+ Ke7 27. Nxf6 Rh8 28. Qxg7 Bxc3 29. d6+ cxd6 30. Nd5+ Kd7 31. Qxc3 Rac8 32. Nb6+ 1-0


[Site "https://www.chess.com"]

[Event "Titled Tuesday Blitz August 08 Late 2023"]
[White "Naroditsky, Daniel"]
[Black "Filipets, Egor"]
[WhiteFideId "2026961"]
[BlackFideId "13503928"]
[WhiteElo "3195"]
[BlackElo "2505"]
[Result "1-0"]
[Round "4"]
[TimeControl "180+1"]
[Date "2023.08.08"]
[WhiteClock "0:01:01"]
[BlackClock "0:00:40"]
[Board "29"]

1. e4 d6 2. d4 Nf6 3. Nc3 g6 4. Be2 c6 5. a4 e5 6. Nf3 Nbd7 7. O-O Bg7 8. h3 O-O 9. dxe5 Nxe5 10. Nxe5 dxe5 11. Bc4 Qc7 12. Be3 Rd8 13. Qe2 b6 14. Rfd1 Bb7 15. Rd3 Rxd3 16. cxd3 a6 17. Rc1 b5 18. Bb3 Qd7 19. Bc5 Nh5 20. Rd1 Nf4 21. Qf3 Ne6 22. Bxe6 Qxe6 23. Qe3 Rd8 24. b4 Qb3 25. Qd2 Bc8 26. Rb1 Qe6 27. Ra1 Qd7 28. axb5 cxb5 29. Qe3 Bb7 30. Rd1 f5 31. f3 f4 32. Qf2 Bf8 33. d4 exd4 34. Bxf8 Kxf8 35. Ne2 d3 36. Nxf4 d2 37. Qh4 Kg7 38. Qxd8 1-0


[Site "https://www.chess.com"]

[Event "Titled Tuesday Blitz August 08 Late 2023"]
[White "Mamedov, Rauf"]
[Black "Arabidze, Meri"]
[WhiteFideId "13401653"]
[BlackFideId "13604040"]
[WhiteElo "3001"]
[BlackElo "2612"]
[Result "1-0"]
[Round "4"]
[TimeControl "180+1"]
[Date "2023.08.08"]
[WhiteClock "0:02:22"]
[BlackClock "0:01:58"]
[Board "30"]

1. e4 c5 2. Nf3 e6 3. c3 d5 4. exd5 exd5 5. d4 Nc6 6. Bb5 Bd6 7. O-O cxd4 8. cxd4 Ne7 9. h3 O-O 10. Nc3 h6 11. Re1 Be6 12. Bd3 a6 13. Be3 Nf5 14. a3 Nxe3 15. Rxe3 Re8 16. Bc2 Bf4 17. Re2 Rc8 18. Qd3 g6 19. Rae1 h5 20. Rxe6 fxe6 21. Qxg6+ Kf8 22. g3 Bd2 23. Nxd2 Nxd4 24. Qh6+ 1-0


[Site "https://www.chess.com"]

[Event "Titled Tuesday Blitz August 08 Late 2023"]
[White "Colbow, Collin"]
[Black "Matlakov, Maxim"]
[WhiteFideId "16201132"]
[BlackFideId "4168003"]
[WhiteElo "2607"]
[BlackElo "2996"]
[Result "1/2-1/2"]
[Round "4"]
[TimeControl "180+1"]
[Date "2023.08.08"]
[WhiteClock "0:00:12"]
[BlackClock "0:00:12"]
[Board "31"]

1. d4 d5 2. Bf4 Bf5 3. Nf3 e6 4. c3 Nf6 5. Qb3 Qc8 6. e3 Be7 7. h3 h6 8. c4 O-O 9. Nc3 dxc4 10. Bxc4 a6 11. Rc1 b5 12. Be2 c5 13. dxc5 Nbd7 14. Nd4 Nxc5 15. Qd1 Qb7 16. Nxf5 exf5 17. O-O Rad8 18. Qc2 b4 19. Na4 Nce4 20. Qc6 Qxc6 21. Rxc6 a5 22. Bc7 Rd2 23. Bb5 Nd5 24. Bxa5 Bh4 25. g3 Bf6 26. Bc4 Ra8 27. Ra6 Rxa6 28. Bxa6 Be5 29. Bb7 Bxg3 30. fxg3 Nxe3 31. Bxe4 Nxf1 32. Kxf1 fxe4 33. Bxb4 Rd4 34. a3 f5 35. Nb6 g5 36. Bc3 Rd3 37. a4 f4 38. a5 Rf3+ 39. Kg2 Rxg3+ 40. Kh2 Rd3 41. a6 e3 42. a7 Rd8 43. a8=Q Rxa8 44. Nxa8 Kf7 45. Kg2 Ke6 46. Kf3 Kf5 47. Nc7 h5 48. Nd5 g4+ 49. hxg4+ hxg4+ 50. Ke2 Ke4 51. Nf6+ Kf5 52. Nxg4 Kxg4 53. Bd4 Kf5 54. Kf3 Ke6 55. Bxe3 fxe3 56. Kxe3 Ke5 57. Kd3 Kd5 58. Kc3 Kc5 59. Kb3 Kb5 60. Kc3 Kc5 61. Kb3 Kb5 62. Ka3 Ka5 63. b3 Kb5 64. b4 Kb6 65. Kb3 Kb5 66. Kc3 Kb6 67. Kc4 Kc6 68. b5+ Kb6 69. Kb4 Kb7 70. Kc5 Kc7 71. b6+ Kb7 72. Kb5 Kb8 73. Ka6 Ka8 74. Ka5 Kb7 75. Kb5 Kb8 76. Kc6 Kc8 77. Kd6 Kb7 78. Kc5 Kb8 79. Kc6 Kc8 80. b7+ Kb8 81. Kb6 1/2-1/2


[Site "https://www.chess.com"]

[Event "Titled Tuesday Blitz August 08 Late 2023"]
[White "Tari, Aryan"]
[Black "Richter, Nils"]
[WhiteFideId "1510045"]
[BlackFideId "12990809"]
[WhiteElo "2910"]
[BlackElo "2606"]
[Result "0-1"]
[Round "4"]
[TimeControl "180+1"]
[Date "2023.08.08"]
[WhiteClock "0:00:18"]
[BlackClock "0:01:34"]
[Board "32"]

1. e4 c5 2. Nf3 e6 3. g3 Nf6 4. d3 Nc6 5. Bg2 d6 6. O-O e5 7. c4 Be7 8. h3 O-O 9. Nc3 a6 10. Be3 Rb8 11. Nh4 b5 12. b3 Nd4 13. f4 Qa5 14. Qd2 Qxc3 15. Qxc3 Ne2+ 16. Kf2 Nxc3 17. Rfc1 b4 18. f5 Ne8 19. a4 Bxh4 20. gxh4 g6 21. Bh6 Ng7 22. f6 Nh5 23. Bxf8 Kxf8 24. Bf3 Nxf6 25. Kg3 Be6 26. Rf1 Ke7 27. Rf2 Rg8 28. Raf1 Nd7 29. Bg4 f5 30. Bf3 Nb8 31. exf5 gxf5+ 32. Kh2 Bd7 33. Rg2 Rxg2+ 34. Kxg2 Nc6 35. Bxc6 Bxc6+ 36. Kf2 Bxa4 37. bxa4 b3 0-1


[Site "https://www.chess.com"]

[Event "Titled Tuesday Blitz August 08 Late 2023"]
[White "Zhigalko, Sergei"]
[Black "Vaibhav Jayant Raut"]
[WhiteFideId "13502956"]
[BlackFideId "5089034"]
[WhiteElo "2884"]
[BlackElo "2600"]
[Result "1-0"]
[Round "4"]
[TimeControl "180+1"]
[Date "2023.08.08"]
[WhiteClock "0:00:12"]
[BlackClock "0:00:50"]
[Board "33"]

1. e4 c5 2. Nf3 Nc6 3. c3 Nf6 4. e5 Nd5 5. Bc4 Nb6 6. Bb3 c4 7. Bc2 g6 8. O-O Bg7 9. Re1 O-O 10. Na3 d5 11. exd6 exd6 12. d3 cxd3 13. Qxd3 Bf5 14. Qd1 Bxc2 15. Qxc2 d5 16. Be3 Nc4 17. Nxc4 dxc4 18. Qa4 Na5 19. Bc5 Re8 20. Rxe8+ Qxe8 21. Qxa5 b6 22. Bxb6 axb6 23. Qd5 b5 24. Re1 Qf8 25. Qxb5 Rxa2 26. Re8 Ra1+ 27. Ne1 Rxe1+ 28. Rxe1 Qd6 29. Qxc4 Bf6 30. g3 Kg7 31. h4 h5 32. Re2 Qd1+ 33. Kg2 Qd7 34. Qe4 Qb5 35. c4 Qc5 36. b3 Qb4 37. Qf3 Qc5 38. Rd2 Qb4 39. Rd7 Qb8 40. Qd5 Qe8 41. c5 Kh6 42. Rxf7 Qe4+ 43. Qxe4 1-0


[Site "https://www.chess.com"]

[Event "Titled Tuesday Blitz August 08 Late 2023"]
[White "Sun, Rick"]
[Black "Khanin, Semen"]
[WhiteFideId "30909481"]
[BlackFideId "4111990"]
[WhiteElo "2585"]
[BlackElo "2881"]
[Result "0-1"]
[Round "4"]
[TimeControl "180+1"]
[Date "2023.08.08"]
[WhiteClock "0:00:00"]
[BlackClock "0:01:45"]
[Board "34"]

1. d4 Nf6 2. Nc3 d5 3. Bf4 e6 4. e3 Bb4 5. Bd3 c5 6. dxc5 Nbd7 7. Nf3 Nxc5 8. O-O O-O 9. Ne5 Bxc3 10. bxc3 Bd7 11. Rb1 Rc8 12. c4 Ba4 13. Qf3 Nfe4 14. Bxe4 dxe4 15. Qg3 f6 16. Rbd1 Qe7 17. Ng4 e5 18. Nh6+ Kh8 19. Nf5 exf4 20. exf4 Qc7 21. Rd5 Ne6 22. Rfd1 Nxf4 23. Rd7 Ne2+ 0-1


[Site "https://www.chess.com"]

[Event "Titled Tuesday Blitz August 08 Late 2023"]
[White "Zemlyanskii, Ivan"]
[Black "Barria Santos, Jose Guilherme"]
[WhiteFideId "24249971"]
[BlackFideId "1939300"]
[WhiteElo "2877"]
[BlackElo "2581"]
[Result "1-0"]
[Round "4"]
[TimeControl "180+1"]
[Date "2023.08.08"]
[WhiteClock "0:00:20"]
[BlackClock "0:00:09"]
[Board "35"]

1. d4 Nf6 2. c4 e6 3. Bf4 c5 4. d5 d6 5. Nc3 e5 6. Bd2 Be7 7. e4 O-O 8. h3 Nbd7 9. Nf3 a6 10. a4 Re8 11. g4 Nf8 12. Bd3 Ng6 13. Ne2 Rb8 14. a5 b5 15. axb6 Qxb6 16. Bc3 Nd7 17. Qd2 Nh4 18. Nxh4 Bxh4 19. Ng3 Qd8 20. Nf5 Bg5 21. Qe2 Nb6 22. Ne3 Bd7 23. b3 Nc8 24. Bc2 Ne7 25. Rxa6 Bc8 26. Ra1 Ng6 27. Ng2 Bd7 28. f3 Qf6 29. Ra7 Bc8 30. O-O Rb7 31. Rfa1 Rxa7 32. Rxa7 h5 33. Be1 Kh7 34. Qf2 Nf4 35. Nxf4 Bxf4 36. Qh4 Qxh4 37. Bxh4 hxg4 38. hxg4 Kg6 39. Kg2 Rh8 40. Bg3 Bxg3 41. Kxg3 Rh1 42. Rc7 Rg1+ 43. Kf2 Rc1 44. Bd3 Rc3 45. Be2 Ba6 46. Rc6 Bb7 47. Rb6 Bc8 48. Rxd6+ Kg5 49. Rc6 Bd7 50. Rc7 Be8 51. d6 Rxb3 52. d7 Bxd7 53. Rxd7 f6 54. Rxg7+ Kf4 55. g5 1-0


[Site "https://www.chess.com"]

[Event "Titled Tuesday Blitz August 08 Late 2023"]
[White "Isanzhulov, Arystan"]
[Black "Ambartsumova, Karina"]
[WhiteFideId "13711644"]
[BlackFideId "4166299"]
[WhiteElo "2864"]
[BlackElo "2580"]
[Result "0-1"]
[Round "4"]
[TimeControl "180+1"]
[Date "2023.08.08"]
[WhiteClock "0:00:11"]
[BlackClock "0:00:12"]
[Board "36"]

1. a3 e5 2. e3 g6 3. d4 Nc6 4. c4 d6 5. dxe5 Nxe5 6. Bd2 Bg7 7. Bc3 Nf6 8. Nf3 Nxf3+ 9. Qxf3 O-O 10. Nd2 Qe7 11. Bd3 c6 12. O-O Be6 13. Rfe1 a5 14. Rad1 a4 15. h3 Nd7 16. Bxg7 Kxg7 17. Qg3 Nc5 18. Nf3 Rad8 19. Nd4 Qf6 20. Bf1 Bc8 21. Qf3 Qe7 22. Bd3 Rfe8 23. Bc2 Qe5 24. Rd2 Be6 25. Qe2 d5 26. cxd5 Bxd5 27. Red1 Qe7 28. Qg4 Kh8 29. Ne2 Be6 30. Qb4 Rxd2 31. Rxd2 Nb3 32. Qc3+ Kg8 33. Bxb3 Bxb3 34. Qd4 Bd5 35. Nc3 Bb3 36. Nxa4 Bxa4 37. Qxa4 Rd8 38. Qd1 Rxd2 39. Qxd2 h5 40. Qd4 Qe6 41. Kh2 Qb3 42. Kg3 Qe6 43. Kf4 Kh7 44. Kg3 Qf5 45. h4 Qe6 46. f3 Qf5 47. e4 Qe6 48. Kf4 Qe7 49. Kg3 Qe6 50. a4 Qe7 51. b4 Qe6 52. a5 Qb3 53. Qd6 Qb1 54. Qe7 Qe1+ 55. Kh2 Kg8 56. Qd8+ Kg7 57. Qd4+ Kh7 58. e5 Kg8 59. Qd8+ Kh7 60. Qf6 Kg8 61. Qf4 Kg7 62. Qd4 Kh7 63. Qf4 Kg8 64. Qg3 Qxb4 65. e6 Qe7 66. Qb8+ Kh7 67. exf7 Qxf7 68. Qd8 Kg7 69. Qd4+ Qf6 70. Qb4 Qf7 71. f4 Qc7 72. Kg3 Qf7 73. Qb2+ Kh7 74. Qe5 Qd7 75. Kh2 Qf7 76. Qd6 Qg7 77. Kg3 Qf7 78. Kh3 Qf5+ 79. Kh2 Qf7 80. Qe5 Qd7 81. g3 Qd2+ 82. Kg1 Qd7 83. Kg2 Qd2+ 84. Kf3 Qd3+ 85. Qe3 Qd5+ 86. Qe4 Qd7 87. Kg2 Qd2+ 88. Kh3 Qd7+ 89. Kh2 Qd2+ 90. Qg2 Qd7 91. Qb2 Qf7 92. Qc3 Qd7 93. Qc5 Qf7 94. Qb6 Qd7 95. a6 Qd2+ 96. Kh3 Qd7+ 97. Kg2 Qd2+ 98. Kg1 Qd1+ 99. Kh2 Qd2+ 100. Kh3 Qd7+ 101. Kg2 Qd2+ 102. Kf1 Qd1+ 103. Kf2 Qd2+ 104. Kf3 Qd3+ 105. Qe3 Qxe3+ 106. Kxe3 bxa6 107. Kd4 Kg7 108. Kc5 Kf6 109. Kxc6 Kf5 110. Kb6 Kg4 111. f5 gxf5 0-1


[Site "https://www.chess.com"]

[Event "Titled Tuesday Blitz August 08 Late 2023"]
[White "Henriquez Villagra, Cristobal"]
[Black "Gasparyan, David"]
[WhiteFideId "3409350"]
[BlackFideId "13311980"]
[WhiteElo "2850"]
[BlackElo "2576"]
[Result "1/2-1/2"]
[Round "4"]
[TimeControl "180+1"]
[Date "2023.08.08"]
[WhiteClock "0:00:02"]
[BlackClock "0:00:03"]
[Board "37"]

1. Nf3 c5 2. g3 g6 3. Bg2 Bg7 4. O-O Nf6 5. Re1 d5 6. d3 O-O 7. Nbd2 Nc6 8. e4 b6 9. exd5 Nxd5 10. Nc4 Bb7 11. c3 Qc7 12. a4 Rad8 13. Qb3 Nf6 14. Bf4 Qc8 15. Rad1 Nd5 16. Bc1 h6 17. a5 Nxa5 18. Nxa5 bxa5 19. Ne5 e6 20. Nc4 Qc7 21. Qa3 Nb6 22. Nxa5 Bxg2 23. Kxg2 Rd5 24. Kg1 Rfd8 25. Be3 h5 26. Qb3 h4 27. Nc4 h3 28. Nxb6 axb6 29. Qc4 Qd7 30. Qg4 e5 31. Qxd7 R8xd7 32. Kf1 Rxd3 33. Rxd3 Rxd3 34. Ra1 e4 35. Ra6 Rd6 36. Ke2 Rc6 37. Ra8+ Kh7 38. Bc1 f5 39. c4 Bd4 40. b3 Rd6 41. Ra7+ Kg8 42. Bf4 Rd8 43. Rb7 Ra8 44. Rb8+ Rxb8 45. Bxb8 Bc3 46. Bc7 Ba5 47. f3 exf3+ 48. Kxf3 Kf7 49. g4 Ke6 50. Kg3 Kd7 51. Bf4 Bc3 52. Kxh3 fxg4+ 53. Kxg4 Bf6 54. Bg5 Be5 55. h4 Bd6 56. Bf4 Be7 57. Bg3 Bf6 58. Bf4 Be7 59. Bg5 Bd6 60. Bf6 Ke6 61. Bd8 Ke5 62. Bxb6 Kd4 63. b4 Kxc4 64. Bxc5 Be5 65. Kg5 Bg3 66. Be7 Kb5 67. Kxg6 Bxh4 68. Bxh4 Kxb4 1/2-1/2


[Site "https://www.chess.com"]

[Event "Titled Tuesday Blitz August 08 Late 2023"]
[White "Salinas Herrera, Pablo"]
[Black "Musovic, Armin"]
[WhiteFideId "3407128"]
[BlackFideId "939935"]
[WhiteElo "2846"]
[BlackElo "2575"]
[Result "0-1"]
[Round "4"]
[TimeControl "180+1"]
[Date "2023.08.08"]
[WhiteClock "0:01:13"]
[BlackClock "0:00:33"]
[Board "38"]

1. d4 d5 2. Nf3 Nf6 3. Bf4 c5 4. e3 Nc6 5. Nbd2 a6 6. dxc5 Bg4 7. h3 Bxf3 8. Nxf3 e6 9. c3 Bxc5 10. Bd3 O-O 11. O-O h6 12. Rc1 Re8 13. c4 Ba7 14. cxd5 Nxd5 15. Bg3 Nxe3 16. fxe3 Bxe3+ 17. Kh1 Bxc1 18. Qe2 Bxb2 19. Rd1 Qf6 20. Bh4 Qc3 21. Be1 Qa3 22. Rb1 Rad8 23. Bc2 Nd4 24. Nxd4 Bxd4 25. Rxb7 Qc1 26. Rb1 Qe3 27. Qf1 Rb8 28. Bb3 Be5 29. Bf2 Qf4 30. Qg1 Rec8 31. Be3 Qg3 32. Bf2 Qg6 33. Rf1 Rc3 34. Be1 Rc1 35. Qe3 Qg5 36. Qe2 Rbc8 37. Qf3 Qf4 38. Qxf4 Bxf4 39. Kg1 Be3+ 40. Kh2 Bd2 0-1


[Site "https://www.chess.com"]

[Event "Titled Tuesday Blitz August 08 Late 2023"]
[White "Donchenko, Alexander"]
[Black "Krishnan, Varun"]
[WhiteFideId "24603295"]
[BlackFideId "5054508"]
[WhiteElo "2835"]
[BlackElo "2574"]
[Result "1-0"]
[Round "4"]
[TimeControl "180+1"]
[Date "2023.08.08"]
[WhiteClock "0:00:33"]
[BlackClock "0:00:06"]
[Board "39"]

1. d4 a6 2. e4 e6 3. Nd2 d5 4. Ngf3 c5 5. exd5 exd5 6. Be2 Nc6 7. O-O Nf6 8. Re1 Be6 9. dxc5 Bxc5 10. Nb3 Ba7 11. Nbd4 O-O 12. h3 Ne4 13. Be3 Qf6 14. c3 Rfe8 15. Qd3 Rac8 16. Rad1 Bb8 17. Nxc6 Rxc6 18. Bd4 Qf4 19. Qe3 Qc7 20. Be5 Qa5 21. Bxb8 Rxb8 22. Nd4 Rd6 23. Qf4 Rbd8 24. Bf3 Nf6 25. a3 Qb6 26. Rd2 h6 27. Rde2 Re8 28. Nf5 Rdd8 29. Nxh6+ Kf8 30. Ng4 Bxg4 31. hxg4 Rxe2 32. Rxe2 d4 33. g5 Nd5 34. Qh4 Kg8 35. cxd4 Qc6 36. g3 Qc1+ 37. Kg2 Nc7 38. g6 Ne6 39. Rxe6 1-0


[Site "https://www.chess.com"]